Map: Ruins of Seras

Players

Bagain

  • Race: Protoss Protoss
  • League: Gold

Special - Winner!

  • Race: Protoss Protoss
  • League: Silver

VOD

Have the link to the VOD?

Description

Time

  • Played on: Feb. 2, 2016, 10:50 a.m.
  • Length: 5:58
Show
View Real Time Build Order
Export as new Build Order

Bagain Protoss 

Build Orders: Nexus First 

Get SALT Encoding   

  12  0:01  Probe (Chrono Boost)  
  13  0:17  Pylon  
  13  0:18  Probe (Chrono Boost)  
  14  0:29  Probe (Chrono Boost)  
  15  0:39  Probe (Chrono Boost)  
  17  0:50  Probe (Chrono Boost)  
  17  1:02  Nexus  
  17  1:05  Probe (Chrono Boost)  
  18  1:12  Assimilator  
  18  1:22  Gateway  
  18  1:24  Probe (Chrono Boost)  
  19  1:35  Probe (Chrono Boost)  
  19  1:37  Assimilator  
  20  1:44  Pylon  
  20  1:46  Probe (Chrono Boost)  
  21  2:03  Probe (Chrono Boost)  
  22  2:09  Cybernetics Core  
  22  2:15  Forge  
  22  2:19  Probe (Chrono Boost)  
  23  2:26  Probe (Chrono Boost)  
  24  2:37  Probe (Chrono Boost)  
  25  2:42  Pylon  
  25  2:47  Probe (Chrono Boost)  
  25  2:49  Mothership Core (Chrono Boost)  
  25  2:51  Stalker  
  29  2:55  Gateway  
  29  3:06  Probe (Chrono Boost)  
  29  3:08  Pylon  
  30  3:16  Pylon  
  30  3:17  Probe (Chrono Boost)  
  31  3:22  Assimilator  
  31  3:26  Stalker  
  33  3:36  Gateway  
  33  3:39  Probe (Chrono Boost)  
  34  3:42  Probe (Chrono Boost)  
  35  3:49  Stalker  
  35  3:50  Probe (Chrono Boost)  
  35  3:51  Warp Gate  
  38  3:56  Probe (Chrono Boost)  
  39  4:03  Probe (Chrono Boost)  
  39  4:07  Probe (Chrono Boost)  
  41  4:10  Pylon  
  41  4:14  Probe (Chrono Boost)  
  42  4:19  Gateway  
  42  4:23  Stalker  
  45  4:24  Probe (Chrono Boost)  
  45  4:27  Stalker  
  47  4:45  Stalker  
  46  4:46  Photon Cannon  
  40  5:13  Stalker  
  44  5:17  Photon Cannon  
  44  5:18  Photon Cannon  
  44  5:22  Photon Cannon  
Show
View Real Time Build Order
Export as new Build Order

Special Protoss - Winner!

Build Orders: Blink Stalkers 

Get SALT Encoding   

  12  0:01  Probe (Chrono Boost)  
  13  0:14  Pylon  
  13  0:18  Probe (Chrono Boost)  
  14  0:29  Probe (Chrono Boost)  
  15  0:39  Probe (Chrono Boost)  
  15  0:40  Gateway  
  17  0:50  Probe (Chrono Boost)  
  17  0:58  Assimilator  
  17  1:00  Probe (Chrono Boost)  
  18  1:06  Pylon  
  18  1:11  Probe (Chrono Boost)  
  19  1:16  Assimilator  
  19  1:21  Probe (Chrono Boost)  
  20  1:29  Cybernetics Core  
  20  1:32  Probe (Chrono Boost)  
  21  1:36  Pylon  
  21  1:42  Probe (Chrono Boost)  
  22  1:54  Probe (Chrono Boost)  
  23  2:05  Warp Gate (Chrono Boost), Probe (Chrono Boost)  
  23  2:07  Stalker  
  26  2:13  Gateway  
  26  2:17  Probe  
  27  2:26  Gateway  
  27  2:29  Probe (Chrono Boost)  
  28  2:40  Probe (Chrono Boost)  
  29  2:50  Gateway  
  29  2:54  Twilight Council  
  29  2:55  Probe (Chrono Boost)  
  30  3:00  Pylon  
  30  3:10  Probe (Chrono Boost)  
  31  3:18  Pylon  
  31  3:21  Probe (Chrono Boost)  
  32  3:27  Stalker  
  32  3:31  Stalker  
  37  3:37  Blink  
  36  4:12  Stalker  
  36  4:13  Stalker x2  
  42  4:18  Stalker  
  45  4:30  Pylon  
  45  4:31  Pylon  
  44  4:49  Stalker x2  
  44  4:50  Stalker x2  
  52  5:13  Stalker x3  
  56  5:14  Stalker  
  56  5:17  Probe  
  59  5:22  Forge  
  59  5:30  Robotics Facility  
Tags
 
Composition
Blink Stalkers
Matchup
PvP
Replay Pack
rep
Add a new tag
Caveats
  • Supply blocks, unpowered buildings, or Contaminate may cause inaccurate times.
  • Supply counts are checked every 10 seconds.